 Dungeon Crawl Stone Soup version 0.20-a0-187-ge5586d949a (webtiles) character file.

156 patrickswayze the Sneak (level 5, -1/31 HPs)
             Began as a Deep Elf Chaos Knight on Nov 24, 2016.
             Slain by a hound (2 damage)
             ... on level 4 of the Dungeon.
             The game lasted 00:05:58 (2963 turns).

patrickswayze the Sneak (Deep Elf Chaos Knight)     Turns: 2963, Time: 00:05:58

Health: -1/31      AC:  6    Str: 13 (14) XL:     5   Next: 15%
Magic:  7/7        EV: 12    Int: 16 (17) God:    Xom [......]
Gold:   254        SH:  0    Dex: 13 (15) Spells: 4/4 levels left

rFire  . . .     SeeInvis .     a - +2 dagger (venom)
rCold  . . .     Gourm    .     j - +2 leather armour
rNeg   . . .     Faith    .     (no shield)
rPois  .         Spirit   .     (helmet restricted)
rElec  .         Reflect  .     (no cloak)
rCorr  .         Harm     .     (no gloves)
MR     .....                    i - +0 pair of boots (curse)
Stlth  +++.......               (no amulet)
                                (no ring)
                                (no ring)

@: mighty
A: antennae 1
a: Renounce Religion


You were on level 4 of the Dungeon.
You worshipped Xom.
You were a very special plaything of Xom.
You were not hungry.

You visited 1 branch of the dungeon, and saw 4 of its levels.

You collected 254 gold pieces.


Innate Abilities, Weirdness & Mutations

You have a pair of small antennae on your head.


   Skills:
 - Level 2.4 Fighting
 - Level 3.0 Short Blades
 - Level 0.7 Armour
 - Level 2.4 Dodging
 + Level 6.5 Stealth


You had 4 spell levels left.
You didn't know any spells.

Inventory:

Hand Weapons
 a - a +2 dagger of venom (weapon)
 b - a +0 short sword of chaos
Missiles
 k - 123 stones (quivered)
Armour
 i - a cursed +0 pair of boots (worn)
 j - a +2 leather armour (worn)
Scrolls
 d - 2 scrolls of blinking {unknown}
 e - a scroll of enchant armour {unknown}
 f - 3 scrolls of enchant weapon {unknown}
 g - a scroll of fog {unknown}
 l - a scroll of immolation {unknown}
 n - 2 scrolls of identify {unknown}
 q - 2 scrolls of amnesia {unknown}
 t - 2 scrolls of remove curse {unknown}
 u - 2 scrolls of magic mapping {unknown}
 y - a scroll of noise {unknown}
Potions
 h - a potion of lignification {!q}
 r - 2 potions of degeneration
 s - a potion of flight
Books
 w - a book of Misfortune

   Spells                             Type                      Level
   a - Confusing Touch                Hexes                        1
   b - Confuse                        Hexes                        3
   c - Gell's Gravitas                Hexes/Translocation          3
   d - Petrify                        Transmutation/Earth          4
   e - Metabolic Englaciation         Hexes/Ice                    5
   f - Yara's Violent Unravelling     Hexes/Transmutation          5
Comestibles
 c - 5 bread rations


Message History

You feel a little less agile now. "Hum-dee-hum-dee-hum..."
The ogre evaporates and reforms as a big kobold!
The hound pauses to sniff the ground.
The hound barely misses you.
Unknown command.
It was a potion of might.
You feel very mighty all of a sudden. The hound bites you.
* * * LOW HITPOINT WARNING * * *
You puncture the hound!
The hound is poisoned.
The hound is heavily wounded.
The hound bites you.
* * * LOW HITPOINT WARNING * * *
Okay, then.
You barely miss the hound.
The hound is heavily wounded.
The hound bites you.
You die...
Xom is highly amused!

#.######...7P..P.#.$
..........PP77..#.#
77.7##.#.P777......#
77P.7>....77.7P...#.#
7P...##.P.7P.P....#..
7777.77##..PP...w...#..
##7P..P7
##.P....###.#..
#....P777##......##
#....
#.777777@#..######
#.).# ##..###.#.hK#7
77... #...#...#####
77... #.#.#.#.# ...#
##.#.#.#.# 7..#
#..#.#.#.#


777 77..# ##.##.#.#.# .# #.# #...# #.....#.#.# .# #.###<..# #..####.#.####.#
#.##..... You could see a big kobold and a hound.

Vanquished Creatures
  A hound (D:4)
  An orc wizard (D:3)
  2 adders (D:2)
  A dart slug (D:2)
  3 leopard geckos
  3 orcs (D:3)
  5 bats
  2 giant cockroaches
  4 goblins
  10 hobgoblins
  7 jackals
  8 kobolds
  2 quokkas
  A ball python (D:2)
  5 frilled lizards
  16 rats
71 creatures vanquished.

Notes
Turn   | Place    | Note
-------+----------+-------------------------------------------
     0 | D:1      | patrickswayze the Deep Elf Chaos Knight began the quest for the Orb.
     0 | D:1      | Reached XP level 1. HP: 13/13 MP: 3/3
    31 | D:1      | Reached skill level 1 in Stealth
   124 | D:1      | Reached skill level 2 in Stealth
   160 | D:1      | Reached XP level 2. HP: 18/18 MP: 4/4
   184 | D:1      | XOM: harmless Fire miscast
   363 | D:1      | Reached skill level 3 in Stealth
   500 | D:1      | XOM: mild Summ miscast
   501 | D:1      | Noticed a spatial vortex
   526 | D:1      | XOM: cloud trail
   601 | D:1      | Reached XP level 3. HP: 13/22 MP: 5/5
  1081 | D:2      | Found an ancient bone altar of Kikubaaqudgha.
  1117 | D:2      | Reached skill level 4 in Stealth
  1311 | D:2      | XOM: harmless Erth miscast
  1390 | D:2      | XOM: scenery: create altars
  1430 | D:2      | XOM: god gift: ring mail {god gift}
  1601 | D:2      | Reached skill level 5 in Stealth
  1601 | D:2      | Reached XP level 4. HP: 27/27 MP: 6/6
  1819 | D:2      | XOM: harmless Air miscast
  1887 | D:2      | XOM is BORED!
  1939 | D:3      | XOM: polymorph orc -> giant cockroach
  1940 | D:3      | XOM: potion effect (heal wounds)
  2348 | D:3      | XOM: confusion
  2381 | D:3      | Reached skill level 6 in Stealth
  2542 | D:4      | XOM: mild Tmut miscast
  2559 | D:4      | Reached XP level 5. HP: 15/31 MP: 7/7
  2709 | D:4      | XOM: 6-stop teleportation journey
  2928 | D:4      | Noticed an ogre
  2957 | D:4      | Gained mutation: You have a pair of small antennae on your head. [potion of beneficial mutation]
  2957 | D:4      | HP: 7/46 [hound (3)]
  2960 | D:4      | an ogre changed into a big kobold
  2960 | D:4      | XOM: polymorph ogre -> big kobold
  2961 | D:4      | HP: 3/31 [hound (1)]
  2962 | D:4      | HP: 1/31 [hound (2)]
  2963 | D:4      | Slain by a hound

Vault maps used:
D:1:      onia_arrival_larder, kennysheep_boxes
D:2:      kiku_gazebo_pond_becter
D:4:      first_bread, serial_forest, infiniplex_forest_clump_diagonal,
          infiniplex_forest_clump_cross, infiniplex_forest_straight_5,
          infiniplex_forest_straight_5, infiniplex_forest_zigzag_1,
          infiniplex_forest_corner_2

Action                   |  1- 3 |  4- 6 || total
-------------------------+-------+-------++-------
Melee: Short sword       |    48 |       ||    48
       Dagger            |    61 |    60 ||   121
  Use: Potion            |       |     9 ||     9
 Stab: Sleeping          |    11 |     4 ||    15
       Petrified         |     4 |       ||     4
  Eat: Chunk             |     2 |     4 ||     6
Armor: Leather armour    |    29 |    12 ||    41
       Skin              |       |     4 ||     4
Dodge: Dodged            |    59 |    31 ||    90
